 Dungeon Crawl Stone Soup version 0.26.1-11-gd32895ea62 (webtiles) character file.

Game seed: 9074044991690716518

35124 scsoc the Severer (level 13, -18/118 HPs)
             Began as a Hill Orc Fighter on July 5, 2021.
             Was the Champion of Okawaru.
             Demolished by a phantasmal warrior (26 damage)
             ... led by a death knight
             ... on level 14 of the Dungeon.
             The game lasted 00:52:27 (16192 turns).

scsoc the Severer (Hill Orc Fighter)               Turns: 16192, Time: 00:52:28

Health: -18/118    AC: 28    Str: 30    XL:     13   Next: 81%
Magic:  14/15      EV: 12    Int:  8    God:    Okawaru [******]
Gold:   1485       SH: 16    Dex: 10    Spells: 12/12 levels left

rFire    + + .     SeeInvis +   c - +4 broad axe (vorpal)
rCold    . . .     Faith    .   b - +3 buckler
rNeg     . . .     Spirit   .   H - +0 plate armour "Vehanups" {-Tele Harm rF++ SInv}
rPois    +         Reflect  +   (no helmet)
rElec    .         Harm     +   I - +2 cloak
rCorr    .         Rampage  .   h - +2 pair of gloves
Will     .....     NoTele   +   f - +2 pair of boots
Stlth    ..........             m - amulet of reflection
HPRegen  0.29/turn              p - ring of poison resistance
MPRegen  0.14/turn              j - +6 ring of strength

@: weak-willed, heroism, slowed, very slow
A: no striking features
a: Renounce Religion, Heroism, Finesse


You were on level 14 of the Dungeon.
You worshipped Okawaru.
Okawaru was exalted by your worship.
You visited 1 branch of the dungeon, and saw 15 of its levels.
You also visited: Sewer.

You collected 1773 gold pieces.
You spent 288 gold pieces at shops.

Inventory:

Hand Weapons
 c - a +4 vorpal broad axe (weapon)
Armour
 b - a +3 buckler (worn)
 f - a +2 pair of boots (worn)
 h - a +2 pair of gloves (worn)
 D - a +2 scale mail of cold resistance
 H - the +0 plate armour "Vehanups" (worn) {-Tele Harm rF++ SInv}
   (Okawaru gifted it to you on level 12 of the Dungeon)

   It greatly protects you from fire.
   It lets you see invisible.
   It prevents most forms of teleportation.
   It increases damage dealt and taken.
 I - a +2 cloak (worn)
Jewellery
 a - an uncursed amulet of regeneration
 j - a +6 ring of strength (right hand)
 m - an amulet of reflection (around neck)
 p - a ring of poison resistance (left hand)
 F - an uncursed ring of ice
Wands
 l - a wand of disintegration (21)
 t - a wand of enslavement (8)
 v - a wand of digging (7)
 w - a wand of flame (17)
 z - a wand of random effects (52)
 A - a wand of polymorph (15)
 C - a wand of paralysis (12)
 L - a wand of acid (6)
Scrolls
 e - 7 scrolls of remove curse
 i - 7 scrolls of teleportation
 q - 14 scrolls of identify
 r - 2 scrolls of magic mapping
 s - 4 scrolls of fear
 u - a scroll of amnesia
 x - 4 scrolls of fog
Potions
 d - 2 potions of might
 g - 3 potions of haste
 k - 9 potions of flight
 n - 4 potions of curing
 o - a potion of resistance
 B - a potion of ambrosia
 E - 4 potions of brilliance
 G - a potion of berserk rage


   Skills:
 + Level 12.1(17.1) Fighting
 + Level 18.2(23.2) Axes
 + Level 10.5(15.5) Armour
 + Level 3.6(8.6) Dodging
 + Level 1.3(6.3) Stealth
 + Level 11.8(16.8) Shields
 + Level 3.4 Invocations
 + Level 1.5 Evocations


You had 12 spell levels left.
You didn't know any spells.
Your spell library contained the following spells:

 Spells                   Type           Power        Failure   Level
 Beastly Appendage        Tmut           0%           92%         1
 Foxfire                  Conj/Fire      0%           92%         1
 Freeze                   Ice            0%           92%         1
 Magic Dart               Conj           0%           92%         1
 Summon Small Mammal      Summ           0%           92%         1
 Call Imp                 Summ           0%           98%         2
 Poisonous Vapours        Pois/Air       0%           98%         2
 Searing Ray              Conj           0%           98%         2
 Wereblood                Tmut           0%           98%         2
 Call Canine Familiar     Summ           0%           100%        3
 Conjure Flame            Conj/Fire      0%           100%        3
 Dazzling Flash           Conj/Hex       0%           100%        3
 Frozen Ramparts          Ice            0%           100%        3
 Inner Flame              Hex/Fire       0%           100%        3
 Mephitic Cloud           Conj/Pois/Air  0%           100%        3
 Ozocubu's Armour         Ice            0%           100%        3
 Spider Form              Tmut/Pois      0%           100%        3
 Summon Guardian Golem    Hex/Summ       0%           100%        3
 Fulminant Prism          Conj/Hex       0%           100%        4
 Hailstorm                Conj/Ice       0%           100%        4
 Ice Form                 Ice/Tmut       0%           100%        4
 Iskenderun's Mystic Bla  Conj/Tloc      0%           100%        4
 Sticky Flame             Conj/Fire      0%           100%        4
 Summon Ice Beast         Ice/Summ       0%           100%        4
 Summon Lightning Spire   Summ/Air       0%           100%        4
 Blade Hands              Tmut           0%           100%        5
 Fireball                 Conj/Fire      0%           100%        5
 Freezing Cloud           Conj/Ice/Air   0%           100%        6


Dungeon Overview and Level Annotations

Branches:
Dungeon (15/15)            Temple (0/1) D:6            Lair (0/6) D:11
    Orc (0/2) D:10         Vaults (0/5) D:13          Sewer (visited)
 Depths: D:15

Altars:
Dithmenos
Hepliaklqana
Kikubaaqudgha
Nemelex Xobeh
Okawaru
Qazlal
Wu Jian
Zin
The Shining One

Shops:
D:6 (   D:14 ?

Annotations:
D:11 exclusion: oklob plant


Message History

The phantasmal warrior is moderately damaged.
You slice the wraith!!
You destroy the wraith!
Okawaru accepts your kill.
You slash the phantasmal warrior!
The phantasmal warrior hits you but does no damage.
You block the phantasmal warrior's attack.
You slash the phantasmal warrior!
The phantasmal warrior is severely damaged.
You hit the phantasmal warrior but do no damage.
The phantasmal warrior hits you!!
* * * LOW HITPOINT WARNING * * *
The phantasmal warrior hits you.
* * * LOW HITPOINT WARNING * * *
You hit the phantasmal warrior.
The phantasmal warrior is severely damaged.
You hit the phantasmal warrior but do no damage.
You block the phantasmal warrior's attack.
The phantasmal warrior hits you!!
You die...

##.... ##....P
##...#..
##...##.P
##...###.P
##...## #.≈
###### ##.).##
###
#....######...##
#
###..@W..#...##
# #..W##.....##
#.......#.##
####.......#
#######.## #..#
#..# ##.## #..#


You could see 2 phantasmal warriors.

Vanquished Creatures
  Azrael (D:13)
  Snorg (D:13)
  2 hydras
  Erica (D:10)
  A vault guard (D:13)
  2 centaur warriors
  A tengu warrior (D:13)
  5 two-headed ogres
  A death drake (shapeshifter) (D:14)
  An unseen horror (D:14)
  An obsidian statue (D:14)
  2 deep elf magi
  2 ugly things (D:13)
  2 cyclopes
  3 manticores
  2 centaur zombies
  7 gargoyles
  A yaktaur (D:11)
  2 trolls
  3 meliai (D:14)
  A hornet (D:12)
  3 slime creatures (D:13)
  Grinder (D:3)
  3 shadows
  2 fire elementals (D:13)
  4 wraiths
  3 wyverns
  32 yaks
  A steam dragon (D:11)
  2 vampire mosquitoes (D:13)
  A warg (D:10)
  An acid dragon (D:14)
  2 hell hounds (D:13)
  4 water moccasins
  8 orc warriors
  A black bear (D:6)
  A hornet zombie (D:12)
  2 eyes of draining (D:11)
  4 ice beasts
  3 sky beasts
  A necrophage (D:8)
  A phantom (D:9)
  8 ogres
  14 centaurs
  12 big kobolds
  12 bullfrogs
  2 wyvern zombies
  3 scorpions
  8 killer bees (D:9)
  12 wights
  An electric eel (D:14)
  2 howler monkeys
  3 bullfrog zombies
  4 hounds
  2 bullfrog skeletons
  2 jellies
  2 centaur skeletons
  11 orc priests
  11 worker ants
  Natasha (thrice) (D:3)
  3 iguanas
  5 orc wizards
  7 gnolls
  7 adders
  A howler monkey skeleton (D:11)
  6 river rats
  A shadow imp (D:8)
  5 white imps
  3 ufetubi
  An ooze (D:4)
  2 adder skeletons
  2 adder zombies
  2 worms (D:2)
  3 dart slugs
  5 leopard geckos
  41 orcs
  4 bats
  6 giant cockroaches
  10 goblins
  13 hobgoblins
  20 jackals
  4 quokkas
  6 frilled lizards
  A jackal zombie (D:8)
  58 kobolds
  A leopard gecko zombie (D:5)
  A quokka skeleton (D:10)
  12 rats
464 creatures vanquished.

Vanquished Creatures (others)
  15 plants (D:14)
  A withered plant (D:3)
16 creatures vanquished.

Grand Total: 480 creatures vanquished

Notes
Turn   | Place    | Note
-------+----------+-------------------------------------------
     0 | D:1      | scsoc the Hill Orc Fighter began the quest for the Orb.
     0 | D:1      | Reached XP level 1. HP: 19/19 MP: 1/1
    53 | D:1      | Reached XP level 2. HP: 27/27 MP: 2/2
   206 | D:1      | Reached skill level 3 in Axes
   297 | D:1      | Reached XP level 3. HP: 33/33 MP: 3/3
   989 | D:2      | Reached XP level 4. HP: 39/40 MP: 4/4
  1052 | D:2      | Reached skill level 4 in Axes
  1404 | D:2      | Found an iron altar of Okawaru.
  1412 | D:2      | Became a worshipper of Warmaster Okawaru
  2172 | D:3      | Reached XP level 5. HP: 32/46 MP: 5/5
  2267 | D:3      | Noticed Natasha
  2272 | D:3      | Killed Natasha
  2273 | D:3      | Reached skill level 5 in Axes
  2367 | D:3      | Noticed Natasha
  2378 | D:3      | Killed Natasha
  2459 | D:3      | Reached XP level 6. HP: 37/52 MP: 6/6
  2463 | D:3      | Found a glowing drain.
  2470 | Sewer    | Entered a sewer
  2656 | Sewer    | Reached skill level 6 in Axes
  2698 | Sewer    | Found a white marble altar of Elyvilon.
  2984 | D:3      | Noticed Grinder
  3001 | D:3      | Reached * piety under Okawaru
  3021 | D:3      | Killed Grinder
  3022 | D:3      | Reached skill level 7 in Axes
  3022 | D:3      | Reached skill level 5 in Shields
  3022 | D:3      | Reached XP level 7. HP: 32/60 MP: 7/7
  3193 | D:3      | Noticed Natasha
  3196 | D:3      | Killed Natasha
  3409 | D:4      | Reached ** piety under Okawaru
  3733 | D:4      | Found a glowing golden altar of the Shining One.
  4243 | D:5      | Entered Level 5 of the Dungeon
  4399 | D:5      | Reached skill level 5 in Armour
  4734 | D:5      | Reached skill level 8 in Axes
  4734 | D:5      | Reached XP level 8. HP: 67/67 MP: 8/8
  4745 | D:5      | Reached skill level 5 in Fighting
  4869 | D:5      | Reached skill level 1 in Dodging
  4910 | D:5      | Reached skill level 9 in Axes
  5311 | D:6      | Found a staircase to the Ecumenical Temple.
  5510 | D:6      | Reached *** piety under Okawaru
  5517 | D:6      | Found Ugiuwnez's Antique Weapon Emporium.
  5536 | D:6      | Reached skill level 10 in Axes
  5541 | D:6      | Reached XP level 9. HP: 75/75 MP: 6/9
  5651 | D:6      | Reached skill level 1 in Stealth
  6969 | D:7      | Noticed a gargoyle
  6974 | D:7      | Killed a gargoyle
  6974 | D:7      | Reached **** piety under Okawaru
  6975 | D:7      | Reached skill level 11 in Axes
  7000 | D:7      | Noticed a gargoyle
  7003 | D:7      | Killed a gargoyle
  7169 | D:7      | Noticed a gargoyle
  7174 | D:7      | Killed a gargoyle
  7175 | D:7      | Reached XP level 10. HP: 68/86 MP: 10/10
  7258 | D:7      | Noticed a gargoyle
  7261 | D:7      | Killed a gargoyle
  7262 | D:7      | Reached skill level 12 in Axes
  7436 | D:8      | Noticed a two-headed ogre
  7446 | D:8      | Killed a two-headed ogre
  7624 | D:8      | Found a hazy altar of Hepliaklqana.
  7626 | D:8      | Found a shadowy altar of Dithmenos.
  7927 | D:8      | Reached ***** piety under Okawaru
  8002 | D:8      | Noticed a cyclops
  8007 | D:8      | Reached skill level 1 in Invocations
  8009 | D:8      | Killed a cyclops
  8470 | D:8      | Reached skill level 13 in Axes
  8808 | D:9      | Reached XP level 11. HP: 94/94 MP: 12/12
  8932 | D:9      | Reached skill level 14 in Axes
  9445 | D:9      | Received a gift from Okawaru
  9511 | D:9      | Found a glowing silver altar of Zin.
  9511 | D:9      | Found a glowing golden altar of the Shining One.
  9511 | D:9      | Found an ornate altar of the Wu Jian Council.
  9511 | D:9      | Found a stormy altar of Qazlal.
  9517 | D:9      | Found an ancient bone altar of Kikubaaqudgha.
  9517 | D:9      | Found a sparkling altar of Nemelex Xobeh.
  9686 | D:10     | Entered Level 10 of the Dungeon
  9764 | D:10     | Noticed a two-headed ogre
  9776 | D:10     | Killed a two-headed ogre
 10042 | D:10     | Found a staircase to the Orcish Mines.
 10257 | D:10     | Noticed Erica
 10269 | D:10     | Killed Erica
 10270 | D:10     | Reached skill level 15 in Axes
 10697 | D:11     | Found a large runed translucent door.
 10697 | D:11     | Found a large runed translucent door.
 10713 | D:11     | Received a gift from Okawaru
 10731 | D:11     | Noticed a manticore
 10740 | D:11     | Killed a manticore
 10741 | D:11     | Reached XP level 12. HP: 106/106 MP: 11/14
 10750 | D:11     | Reached skill level 10 in Shields
 10750 | D:11     | Found a large runed translucent door.
 10750 | D:11     | Found a large runed translucent door.
 10822 | D:11     | Noticed an eight-headed hydra
 10836 | D:11     | HP: 1/106 [eight-headed hydra (6)]
 10842 | D:11     | Killed an eight-headed hydra
 10843 | D:11     | Reached skill level 10 in Fighting
 11483 | D:11     | Reached skill level 1 in Evocations
 11802 | D:11     | Found a staircase to the Lair.
 12400 | D:12     | Reached skill level 16 in Axes
 12502 | D:12     | Noticed a two-headed ogre
 12508 | D:12     | Killed a two-headed ogre
 12508 | D:12     | Reached ****** piety under Okawaru
 12508 | D:12     | Received a gift from Okawaru
 12522 | D:12     | Got an ancient plate armour {god gift}
 12533 | D:12     | Identified the +0 plate armour "Vehanups" {-Tele Harm rF++
                  | SInv} (Okawaru gifted it to you on level 12 of the Dungeon)
 13312 | D:13     | Noticed Azrael
 13316 | D:13     | Killed Azrael
 13386 | D:13     | Noticed a tengu warrior
 13394 | D:13     | Killed a tengu warrior
 13395 | D:13     | Reached XP level 13. HP: 107/116 MP: 15/15
 13547 | D:13     | Reached skill level 17 in Axes
 13707 | D:13     | Noticed Snorg
 13714 | D:13     | Killed Snorg
 13961 | D:13     | Reached skill level 10 in Armour
 13961 | D:13     | Noticed a vault guard
 13972 | D:13     | Killed a vault guard
 13999 | D:13     | Found a gate to the Vaults.
 14219 | D:13     | Identified a scroll of acquirement
 14219 | D:13     | Acquired 789 gold pieces
 14291 | D:14     | Received a gift from Okawaru
 14485 | D:14     | Reached skill level 18 in Axes
 14485 | D:14     | HP: 3/118 [poison (dark miasma)]
 15303 | D:14     | Paralysed by you for 6 turns
 15834 | D:14     | Found Houtyq's Magic Scroll Shop.
 15839 | D:14     | Bought a scroll of remove curse for 48 gold pieces
 15839 | D:14     | Bought a scroll of identify for 32 gold pieces
 15839 | D:14     | Bought a scroll of magic mapping for 56 gold pieces
 15839 | D:14     | Bought a scroll of identify for 32 gold pieces
 15839 | D:14     | Bought a scroll of enchant armour for 120 gold pieces
 16186 | D:15     | Entered Level 15 of the Dungeon
 16192 | D:14     | Demolished by a phantasmal warrior

Illustrated notes

Levels and vault maps discovered:
D:1:      lemuel_arrival_cross, layout_rooms
D:2:      layout_rooms, nicolae_overflow_crystal_walls, serial_co_window_serial,
          co_window_paths_a, co_window_paths_b, co_window_paths_a,
          co_window_of_opportunity_a, co_window_paths_a, co_window_corner_b,
          co_window_2corner, co_window_unsneaky_path_c, co_window_corner_b,
          co_window_corner_cb, co_window_sun, glass_columns_c, glass_columns_b,
          glass_columns_a, glass_columns_c, glass_columns_a
D:3:      layout_rooms, gup_sewer_entry_bubbles, serial_undead, serial_undead_e,
          serial_undead_c, serial_undead_e, serial_undead_c, uniq_natasha,
          uniq_grinder
D:4:      layout_layer_cave, tso_metal_star
D:5:      minmay_goblin_kobold_castle, layout_loops_ring
D:6:      layout_basic, minmay_temple_entry_mini_moons, serial_shops,
          nicolae_shop_stone
D:7:      cheibrodos_statue_roulette, layout_basic
D:8:      layout_layer_cave, riverfiend_overflow_shadow_ancestor, enter_bailey_7
D:9:      layout_small_grid, minmay_overflow_temple_hex
D:10:     layout_gridville, david_orc_1_choice, wad_dig_loot, uniq_erica
D:11:     layout_gridville, dpeg_oklobed_lair, minmay_hollow_rounded_squares
D:12:     layout_stronghold, minmay_unpleasant_kobolds
D:13:     layout_loops_ring, david_vaults_5, uniq_azrael, uniq_snorg
D:14:     layout_cave_pods, serial_shops, kennysheep_little_box,
          serial_bayou_lagoon_a, ebering_dispersal_statue_hall, minivault_16
D:15:     gammafunk_depths_entry_grave, layout_irregular_city, chequers_jeans,
          uniq_rupert, uniq_nessos

Skill      XL: |  1  2  3  4  5  6  7  8  9 10 11 12 13 |
---------------+----------------------------------------+-----
Fighting       | 4 5 7 8 9 11 12 | 12.1
Axes           | 3 4 5 7 8 10 11 13 15 16 18 | 18.2
Shields        | 4 5 6 7 8 9 10 11 | 11.8
Armour         | 4 5 6 8 9 10 | 10.5
Dodging        | 1 2 3 |  3.6
Stealth        | 1 |  1.3
Invocations    | 1 2 3 |  3.4
Evocations     | 1 |  1.5

Action                   |  1- 3 |  4- 6 |  7- 9 | 10-12 | 13-15 || total
-------------------------+-------+-------+-------+-------+-------++-------
Melee: War axe           |    98 |   207 |   255 |   251 |       ||   811
       Broad axe         |       |       |       |   182 |   192 ||   374
Invok: Heroism           |       |       |     4 |    16 |     9 ||    29
Evoke: Wand              |       |       |       |    14 |     2 ||    16
  Use: Scroll            |     4 |     3 |    10 |     5 |     4 ||    26
       Potion            |     1 |     1 |     2 |     9 |     5 ||    18
Armor: Scale mail        |    52 |    62 |    66 |       |       ||   180
       Chain mail        |       |       |       |    29 |       ||    29
       Plate armour      |       |       |       |   121 |    61 ||   182
Dodge: Dodged            |    22 |    45 |    42 |   109 |    40 ||   258
Block: Kite shield       |    53 |   123 |   167 |    58 |       ||   401
       Reflection        |       |     3 |    15 |    22 |     9 ||    49
       Buckler           |       |       |       |   216 |   106 ||   322
